 Dungeon Crawl Stone Soup version bcrawl-1.12.2 (webtiles) character file.

Game seed: 8933912329197621543

56 Ebbett the Sneak (level 3, -4/25 HPs)
             Began as a Vampire Rogue on July 23, 2019.
             Slain by Terence
             ... wielding a +0 flail
              (8 damage)
             ... on level 2 of the Dungeon.
             The game lasted 00:09:02 (2375 turns).

Ebbett the Sneak (Vampire Rogue)                    Turns: 2375, Time: 00:09:03

Health: -4/25      AC:  3    Str: 14    XL:     3   Next: 69%
Magic:  13/13      EV: 12    Int: 11    God:
Gold:   42         SH:  0    Dex: 15    Spells: 2/2 levels left

rFire    . . .     SeeInvis +   n - +1 dagger (speed)
rCold    + . .     Gourm    .   (no shield)
rNeg     + + .     Faith    .   c - +0 robe
rPois    ∞         Spirit   .   (no helmet)
rElec    .         Reflect  .   d - +0 cloak
rCorr    .         Harm     .   (no gloves)
MR       .....                  (no boots)
Stlth    ++++++....             (no amulet)
HPRegen  0.04/turn              j - ring of magical power
MPRegen  0.13/turn              (no ring)

@: about to teleport, regenerating slowly
A: claws 1, fangs 3, see invisible, unbreathing
a: no special abilities


You were on level 2 of the Dungeon.
You were thirsty.

You visited 1 branch of the dungeon, and saw 2 of its levels.

You collected 42 gold pieces.

Inventory:

Hand Weapons
 a - a +2 dagger
 b - a +0 blowgun
 m - a +1 spear of venom
 n - a +1 dagger of speed (weapon)
Missiles
 e - 25 poisoned needles
 i - 84 tomahawks (quivered)
Armour
 c - a +0 robe (worn)
 d - a +0 cloak (worn)
Jewellery
 j - a ring of magical power (left claw)
Wands
 f - a wand of flame (15)
 g - a wand of enslavement (15)
Scrolls
 k - a scroll of fog {unknown}
Potions
 h - 9 potions of blood
 o - a potion of curing


   Skills:
 + Level 0.7 Fighting
 + Level 2.4 Short Blades
 + Level 2.4 Throwing
 + Level 0.9 Dodging
 + Level 7.1 Stealth
 + Level 2.1 Evocations


You had 2 spell levels left.
You didn't know any spells.
Your spell library was empty.

Dungeon Overview and Level Annotations

Branches:
Dungeon (2/12)

Altars:

Annotations:
D:2 Terence


Innate Abilities, Weirdness & Mutations

You heal slowly.
You are immune to poison.
You have sharp fingernails.
You have razor-sharp teeth.
You have supernaturally acute eyesight. (SInv)
You can survive without breathing.


Message History

You hit Terence but do no damage.
Terence is lightly wounded.
You hit Terence but do no damage.
Terence is lightly wounded.
Terence hits you with a +0 flail.
* * * LOW HITPOINT WARNING * * *
You closely miss Terence.
Terence is lightly wounded.
You barely miss Terence.
Terence is lightly wounded.
Terence closely misses you.
You hit Terence but do no damage.
Terence is lightly wounded.
You barely miss Terence.
Terence is lightly wounded.
Terence closely misses you.
As you read the scroll of teleportation, it crumbles to dust.
You feel strangely unstable. Terence hits you with a +0 flail!
You die...

#.....# #.#
.@?###.# #.# ..# .#
#.# .# # #.#
.###### . #.#
.....###
#.##########......
#.............#.###
#@................#
#.@.............#.#
#..................
##....%.........#..
#............†####
#
#.................
##.#
#.............##.#
...#
#.............# .
##.####
####.............#
.......
..................#


You could see Terence.

Vanquished Creatures
  A worm (D:2)
  A dart slug (D:2)
  A leopard gecko (D:1)
  3 giant cockroaches (D:2)
  4 goblins
  4 hobgoblins
  6 jackals (D:1)
  A quokka (D:2)
  A ball python (D:1)
  8 bats
  2 frilled lizards
  14 kobolds
  A rat (D:1)
47 creatures vanquished.

Notes
Turn   | Place    | Note
-------+----------+-------------------------------------------
     0 | D:1      | Ebbett the Vampire Rogue began the quest for the Orb.
     0 | D:1      | Reached XP level 1. HP: 13/13 MP: 2/2
   223 | D:1      | Reached XP level 2. HP: 15/19 MP: 3/3
   326 | D:1      | Reached skill level 7 in Stealth
  1086 | D:1      | Reached XP level 3. HP: 21/25 MP: 4/4
  2180 | D:2      | Noticed Terence
  2375 | D:2      | Slain by Terence

Skill      XL: |  1  2 |
---------------+-------+-----
Stealth        | 7 |  7.1
Throwing       | 2 |  2.4
Fighting       | |  0.7
Short Blades   | |  2.4
Dodging        | |  0.9
Evocations     | |  2.1

Action                   || total
-------------------------++-------
Melee: Dagger            ||    54
       Spear             ||    14
       Bite              ||     7
 Fire: Blowgun           ||    84
  Use: Potion            ||     4
       Scroll            ||     2
 Stab: Sleeping          ||     2
       Distracted        ||     1
Armor: Robe              ||    55
Dodge: Dodged            ||    88
